 Dungeon Crawl Stone Soup version 0.17.2-1-ge4368a0 (webtiles) character file.

70 Goblin1989 the Ducker (level 4, -3/22 HPs)
             Began as a Spriggan Gladiator on Aug 22, 2016.
             Killed by divine providence
             ... invoked by an orc priest
              (14 damage)
             ... on level 3 of the Dungeon.
             The game lasted 00:13:02 (1403 turns).

Goblin1989 the Ducker (Spriggan Gladiator)          Turns: 1403, Time: 00:13:02

Health: -3/22      AC:  2    Str: 11    XL:     4   Next: 4%
Magic:  5/5        EV: 21    Int:  9    God:
Gold:   90         SH:  0    Dex: 17    Spells: 0 memorised, 3 levels left

rFire  . . .     SeeInvis +     a - +0 rapier
rCold  . . .     Clarity  +     b - +0 robe
rNeg   . . .     SustAt   .     (shield restricted)
rPois  +         Gourm    .     c - +0 hat
rElec  .         Spirit   .     (no cloak)
rCorr  .         Warding  .     (gloves unavailable)
rMut   .         Stasis   .     (boots unavailable)
MR     .....                    p - amulet of clarity
Stlth  +++.......               (no ring)
                                o - ring of poison resistance

@: very quick, not resistant to hostile enchantments, fairly stealthy
A: unfitting armour, see invisible, herbivore 3, speed 3, slow metabolism 2
a: no special abilities


You were on level 3 of the Dungeon.
You were not hungry.

You visited 1 branch of the dungeon, and saw 3 of its levels.

You collected 90 gold pieces.

Inventory:

Hand Weapons
 a - a +0 rapier (weapon)
Missiles
 d - 2 throwing nets (quivered)
Armour
 b - a +0 robe (worn)
 c - a +0 hat (worn)
 l - a +0 buckler
 q - a +2 buckler
Jewellery
 o - a ring of poison resistance (left hand)
 p - an amulet of clarity (around neck)
Wands
 t - a wand of flame (18)
Scrolls
 f - 4 scrolls of identify {unknown}
 g - a scroll of immolation {unknown}
 j - 2 scrolls of enchant armour {unknown}
 m - a scroll of fear {unknown}
 n - a scroll of noise {unknown}
 r - a scroll of magic mapping {unknown}
 u - a scroll of teleportation {unknown}
Potions
 h - 2 potions of curing
 i - a potion of ambrosia {unknown}
 k - a potion of might {unknown}
 s - a potion of poison {unknown}
Comestibles
 e - a bread ration


   Skills:
 - Level 1.5 Fighting
 * Level 4.1 Short Blades
 - Level 2.0 Throwing
 + Level 5.3 Dodging
 * Level 3.5 Stealth


You had 3 spell levels left.
You didn't know any spells.

Dungeon Overview and Level Annotations

Branches:
Dungeon (3/15)

Altars:


Innate Abilities, Weirdness & Mutations

You are tiny and cannot use many weapons and most armour.
You have supernaturally acute eyesight.
You are a herbivore.
You cover ground extremely quickly.
You need consume almost no food.


Message History

The orc completely misses you.
You closely miss the orc.
The orc is severely wounded.
The orc closely misses you.
You barely miss the orc.
The orc is severely wounded.
The orc completely misses you.
You hit the orc.
You kill the orc!
Things that are here:
a falchion; an orc corpse
d - 2 throwing nets (gained 1)
You see here an adder corpse.
There is an open door here.
There is an open door here.
The orc priest shouts!
The orc priest mumbles some strange prayers to Beogh against you.
Something smites you!
Ouch! That really hurt!
You die...

#....'.#......#..#.
#....#.#......#..#.
#....#.#......#).#.
#....#[#......#..#.
#....#.#......#..#.
#....#.#......#..#.
#....#.##'###'#..#.
#....#.....o.....#.
#.@..#############.
#..................
#.................†
####.)................
#....)#####...........
#.....# #...........
#.o...# #...........
#.....# ############
#.....#


You could see an orc priest.

Vanquished Creatures
  2 adders
  2 oozes
  A worm (D:2)
  A giant gecko (D:1)
  7 orcs (D:3)
  3 hobgoblins
  A jackal (D:3)
  3 kobolds (D:1)
  A quokka (D:3)
  2 bats
  6 giant newts
  2 goblins (D:2)
  5 rats
36 creatures vanquished.

Notes
Turn   | Place    | Note
--------------------------------------------------------------
     0 | D:1      | Goblin1989 the Spriggan Gladiator began the quest for the Orb.
     0 | D:1      | Reached XP level 1. HP: 10/10 MP: 2/2
   166 | D:1      | Reached skill level 1 in Stealth
   343 | D:1      | Reached XP level 2. HP: 12/14 MP: 3/3
   938 | D:2      | Found a faded altar to an unknown god.
   981 | D:2      | Reached XP level 3. HP: 14/18 MP: 4/4
  1152 | D:3      | Reached skill level 5 in Dodging
  1354 | D:3      | Reached XP level 4. HP: 9/22 MP: 5/5
  1403 | D:3      | Killed from afar by an orc priest

Action                   |  1- 3 |  4- 6 || total
-------------------------+-------+-------++-------
Melee: Rapier            |   124 |     4 ||   128
Throw: Throwing net      |     8 |       ||     8
  Use: Potion            |     1 |       ||     1
 Stab: Sleeping          |     5 |       ||     5
       Held in net/web   |     1 |       ||     1
